 Dungeon Crawl Stone Soup version 0.29.1-12-g30fa7ad0bf (webtiles) character file.

Game seed: 17174955238192353117

228228 KittyFluff the Tortoise (level 18, -6/120 HPs)
             Began as a Gargoyle Berserker on Jan 16, 2023.
             Was the Champion of Trog.
             Killed from afar by a hell knight (24 damage)
             ... with a bolt of fire
             ... on level 1 of the Depths on Jan 17, 2023.
             The game lasted 04:55:59 (45879 turns).

KittyFluff the Tortoise (Gargoyle Berserker)       Turns: 45879, Time: 04:56:00

Health: -6/120     AC: 51    Str: 34    XL:     18   Next: 95%
Magic:  27/27      EV: 17    Int: 17    God:    Trog [******]
Gold:   541        SH: 20    Dex: 17    Spells: 17/17 levels left

rFire   . . .      SeeInvis +   S - +12 demon whip of Descent {flame, Drain +Blink Fly rC++}
rCold   + + .      Faith    .   d - +2 kite shield
rNeg    + + .      Spirit   .   u - +10 plate armour of Joy {MP+9 Dex-4 SInv}
rPois   ∞          Reflect  +   O - +3 hat "Jiab" {Str+5 Int+4}
rElec   +          Harm     .   y - +0 cloak of Qastruati {Str+4}
rCorr   .          Rampage  .   (no gloves)
Will    ++...                   c - +2 pair of boots
Stlth   ..........              s - amulet of reflection
HPRegen 0.30/turn               l - +4 ring of evasion
MPRegen 0.20/turn               Z - ring of Wogudept {rN+ Will+ Str+4 Int+3 Dex+6}

@: flying, studying Fighting
A: sickness immunity, AC +13, big wings, negative energy resistance 1,
electricity resistance, torment resistance 1, petrification resistance
}: 2/15 runes: decaying, gossamer
a: Renounce Religion, Evoke Blink, Berserk, Trog's Hand, Brothers in Arms


You were on level 1 of the Depths.
You worshipped Trog.
Trog was exalted by your worship.
You visited 7 branches of the dungeon, and saw 32 of its levels.
You also visited: Gauntlet and Volcano.

You collected 3387 gold pieces.
You spent 2846 gold pieces at shops.

Inventory:

Hand Weapons
 m - a +9 antimagic eveningstar
 r - a +1 sling of freezing
 I - the +10 flail of Dishonour {spect, *Slow Will+ rCorr Stlth+}
   (You bought it in a shop on level 9 of the Dungeon)

   When its wielder attacks, the weapon's spirit leaps out and strikes again.
   The spirit shares a part of any damage it takes with its wielder.
   rCorr:     It protects you from acid and corrosion.
   *Slow:     It may slow you when you take damage.
   Will:      It increases your willpower.
   Stlth:     It makes you more stealthy.
 S - the +12 demon whip of Descent (weapon) {flame, Drain +Blink Fly rC++}
   (Trog gifted it to you on level 2 of the Swamp)

   It burns those it strikes, dealing additional fire damage.
   rC:        It greatly protects you from cold.
   Fly:       It grants you flight.
   +Blink:    It lets you blink.
   Drain:     It drains your maximum health when unequipped.
Missiles
 a - 6 datura-tipped darts
 h - 30 poisoned darts
 q - 16 javelins
 w - 10 curare-tipped darts
 z - 2 silver javelins
 P - 13 boomerangs (quivered)
Armour
 c - a +2 pair of boots (worn)
 d - a +2 kite shield (worn)
 f - a scarf of resistance
 i - a scarf of shadows
 u - the +10 plate armour of Joy (worn) {MP+9 Dex-4 SInv}
   (You bought it in a shop on level 2 of the Orcish Mines)

   Dex:       It affects your dexterity (-4).
   MP:        It affects your magic capacity (+9).
   SInv:      It lets you see invisible.
 y - the +0 cloak of Qastruati (worn) {Str+4}
   (You found it in a Gauntlet)

   Str:       It affects your strength (+4).
 H - the +1 helmet of the Wumpus {rC+ Stlth+}
   (You found it in a Gauntlet)

   rC:        It protects you from cold.
   Stlth:     It makes you more stealthy.
 O - the +3 hat "Jiab" (worn) {Str+5 Int+4}
   (You acquired it on level 3 of the Swamp)

   Str:       It affects your strength (+5).
   Int:       It affects your intelligence (+4).
 T - +0 shadow dragon scales
Jewellery
 l - a +4 ring of evasion (left hand)
 n - the ring of Piyrph {rElec rPois rF+ Will+ rCorr}
   (You bought it in a shop on level 2 of the Orcish Mines)

   [ring of resist corrosion]

   rF:        It protects you from fire.
   rElec:     It insulates you from electricity.
   rPois:     It protects you from poison.
   rCorr:     It protects you from acid and corrosion.
   Will:      It increases your willpower.
 s - an amulet of reflection (around neck)
 C - the amulet "Fuuredux" {Acrobat Fragile rElec rC+ Slay+2}
   (You found it on level 14 of the Dungeon)

   [amulet of the acrobat]

   It increases your evasion while moving and waiting.
   Slay:      It affects your accuracy & damage with ranged weapons and melee
   (+2).
   rC:        It protects you from cold.
   rElec:     It insulates you from electricity.
   Fragile:   It will be destroyed if unequipped.
 Z - the ring of Wogudept (right hand) {rN+ Will+ Str+4 Int+3 Dex+6}
   (You acquired it on level 2 of the Orcish Mines)

   [ring of dexterity]

   Str:       It affects your strength (+4).
   Int:       It affects your intelligence (+3).
   Dex:       It affects your dexterity (+6).
   rN:        It protects you from negative energy.
   Will:      It increases your willpower.
Wands
 g - a wand of iceblast (33)
 t - a wand of flame (93)
 K - a wand of paralysis (21)
 M - a wand of digging (11)
 X - a wand of mindburst (8)
 Y - a wand of quicksilver (15)
Scrolls
 b - 3 scrolls of blinking
 k - 2 scrolls of silence
 o - a scroll of summoning
 v - 2 scrolls of poison
 A - 5 scrolls of butterflies
 B - 7 scrolls of fear
 D - 4 scrolls of immolation
 F - 10 scrolls of teleportation
 G - 6 scrolls of magic mapping
 N - 5 scrolls of enchant armour
Potions
 e - 3 potions of ambrosia
 j - 5 potions of haste
 p - 3 potions of cancellation
 x - 5 potions of curing
 E - 9 potions of mutation
 L - 8 potions of lignification
 Q - 6 potions of heal wounds
 R - 6 potions of attraction
 V - 3 potions of might
 W - 4 potions of resistance
Miscellaneous
 J - a phial of floods
 U - a box of beasts


   Skills:
 * Level 16.2 Fighting
 + Level 18.5 Maces & Flails
 + Level 4.4 Throwing
 + Level 19.9 Armour
 + Level 9.1 Dodging
 + Level 7.5 Stealth
 + Level 12.1 Shields
 + Level 5.4 Evocations


You had 17 spell levels left.
You didn't know any spells.
Your spell library was empty.

Dungeon Overview and Level Annotations

Branches:
Dungeon (15/15)            Temple (0/1) D:7            Lair (5/5) D:8
  Swamp (4/4) Lair:3       Spider (4/4) Lair:2        Slime (0/5) Lair:5
    Orc (2/2) D:11            Elf (1/3) Orc:2        Vaults (0/5) D:14
 Depths (1/4) D:15        Volcano (visited)         Gauntlet (visited)

Altars:
Ashenzari
Elyvilon
Fedhas
Hepliaklqana
Kikubaaqudgha
Makhleb
Okawaru
Sif Muna
Trog
Vehumet
Xom
Yredelemnul
Zin
The Shining One
Jiyva

Shops:
D:2 (   D:4 =   D:6 ?   D:9 (   D:10 :   D:13 !   Orc:1 *   Orc:2 =!*[!

Portals:
Hell: Lair:5
Abyss: Depths:1

Annotations:
Spider:3 2 transporters, exclusion: orange crystal statue


Innate Abilities, Weirdness & Mutations

You are immune to sickness and miasma.
Your stone body is resilient. (AC +13)
You are immune to poison.
Your large and strong wings let you fly.
You resist negative energy. (rN+)
You are resistant to electric shocks. (rElec)
You are resistant to unholy torment.
You are immune to petrification.


Message History

You thrash the hell knight!!
The hell knight is heavily wounded.
You block the hell knight's attack.
You whack the hell knight!
The hell knight is heavily wounded.
You whack the hell knight!
The hell knight is severely wounded.
The hell knight hits you with a +0 broad axe!
* * * LOW HITPOINT WARNING * * *
You whack the hell knight!
The hell knight is almost dead.
The hell knight invokes the aid of its god against you.
The bolt of fire hits you but does no damage.
You whack the hell knight!
You kill the hell knight!
Trog accepts your kill. The ice dragon breathes frost at you.
The blast of cold hits you! You resist.
* * * LOW HITPOINT WARNING * * *
Items here: )))) [[[[ †.
You whack the ice dragon! You burn the ice dragon!
The ice dragon is moderately wounded.
The ice dragon closely misses you. You block the ice dragon's attack. x2
You thrash the ice dragon!! You burn the ice dragon!!
The ice dragon is almost dead.
The ice dragon misses you. You block the ice dragon's attack.
The ice dragon tramples you but does no damage.
You thrash the ice dragon!! You burn the ice dragon!
You kill the ice dragon!
Trog accepts your kill.
You thrash the hell knight!!
The hell knight is heavily wounded.
The hell knight hits you with a +4 great mace.
* * * LOW HITPOINT WARNING * * *
You whack the hell knight!
The hell knight is severely wounded.
The hell knight invokes the aid of its god against you.
The bolt of fire hits the hell knight.
The hell knight completely resists.
The bolt of fire hits you!!
You die...

# .# .## ..#
♣. ♣.♣ #'####
#p# #....#
#p# '....#
#@# ...# ##)#
#'###..#
#......##
#..#..∩....#
#..#.......#
#
#(.#.......#
..
#..##.....##.
...
#.>#.....'...


You could see 2 hell knights.

Vanquished Creatures
  A bone dragon (Swamp:4)
  The ghost of cheesebisquit the Peltast, an adept MiBe of Trog (Spider:4)
  The ghost of LustLizard the Brawler, an adept TrFi of Wu Jian (Swamp:4)
  A thorn hunter (Swamp:1)
  The ghost of Kilet the Geomancer, an adept GrEE of Vehumet (D:14)
  A fenstrider witch (Swamp:4)
  6 emperor scorpions (Spider:4)
  2 ghost moths (Spider:4)
  A frost giant (Depths:1)
  A broodmother (Spider:2)
  3 very ugly things (D:15)
  6 eleionomae
  2 minotaurs
  5 entropy weavers
  3 dire elephants
  The ghost of Ohopnof the Impaler, a journeyman MiBe of Trog (Lair:3)
  4 spark wasps
  The ghost of croobank the Spry, a journeyman FeSu of Gozag (Spider:1)
  5 bunyips
  2 fire dragons (D:15)
  A vault guard (D:14)
  10 hydras
  A radroach (Spider:4)
  A caustic shrike simulacrum (D:14)
  2 ice dragons
  4 boulder beetles
  A ghost crab (Swamp:4)
  A jorogumo (Spider:3)
  A spriggan air mage (Swamp:3)
  A two-headed ogre (D:11)
  A spectral shadow dragon (D:14)
  A death knight (D:15)
  2 centaur warriors
  A spectral frost giant (D:14)
  2 dancing weapons
  8 alligators
  5 catoblepae
  2 orc high priests
  2 tengu warriors
  6 death yaks (Lair:5)
  The ghost of Radix the Cleaver, a novice MiBe of Trog (D:7)
  A spriggan berserker (Depths:1)
  Sonja (D:11)
  A sixfirhy (Lair:5)
  2 deep elf knights
  5 hell knights (Depths:1)
  5 pharaoh ants
  A sun moth (Spider:4)
  A fire crab (Volcano)
  5 goliath frogs
  A skeletal warrior (D:15)
  11 steelbarb worms
  10 orb spiders
  9 bog bodies
  2 wizards
  A spriggan druid (Swamp:2)
  4 swamp dragons
  2 deep elf archers
  2 lindwurms
  Pikel (D:9)
  A necromancer (Depths:1)
  A harpy (shapeshifter) (D:14)
  3 deep elf zephyrmancers (Elf:1)
  A spectral hydra (Swamp:4)
  10 deep elf pyromancers
  4 phantasmal warriors
  A shadow dragon zombie (D:14)
  An oklob plant (Swamp:4)
  A fire giant zombie (D:14)
  8 orc sorcerers
  12 wolf spiders
  6 cyclopes
  26 ugly things
  2 moths of wrath
  An elephant (D:7)
  3 will-o-the-wisps
  Maurice (D:9)
  3 black mambas
  A smoke demon (Lair:5)
  5 torpor snails
  4 molten gargoyles
  3 gargoyles
  16 cane toads
  An unseen horror (D:11)
  Maggie (D:9)
  7 komodo dragons
  4 kobold demonologists
  A cane toad (shapeshifter) (Elf:1)
  4 ice devils (Lair:5)
  4 demonic crawlers
  4 swamp worm zombies (Swamp:4)
  2 tengu conjurers (D:15)
  9 rime drakes
  A freezing wraith (D:15)
  A yaktaur (D:15)
  2 golden dragon simulacra (D:14)
  3 hydra zombies (Swamp:4)
  A red devil (Lair:5)
  2 bloated husks (Swamp:4)
  2 polar bears (Lair:5)
  6 meliai
  8 tyrant leeches
  7 trolls
  A tarantella (shapeshifter) (D:15)
  Grinder (D:5)
  The ghost of sweetbreads the Covert, a novice SpEn of Kikubaaqudgha (D:5)
  10 hornets
  18 tarantellas
  2 dream sheep (Lair:3)
  4 spectral swamp dragons (Swamp:4)
  12 slime creatures
  13 blink frogs
  2 spriggan zombies (D:14)
  20 jumping spiders
  2 alligator zombies (Swamp:4)
  18 culicivoras
  3 wraiths
  8 fire bats (Volcano)
  10 spriggans
  11 basilisks
  4 wyverns
  5 water elementals (D:14)
  38 yaks
  A culicivora (shapeshifter) (D:14)
  5 fire elementals
  A hog (shapeshifter) (D:13)
  A steam dragon (D:10)
  62 redbacks
  8 vampire mosquitoes
  Menkaure (D:5)
  16 swamp worms
  4 acid dragons
  16 water moccasins
  A swamp drake (Swamp:4)
  8 hell hounds
  18 orc warriors
  3 black bears
  2 hornet zombies (D:7)
  4 swamp dragon zombies (Swamp:4)
  6 centaurs
  2 ogres
  8 wolves (Lair:3)
  7 phantoms
  3 kobold brigands
  9 bullfrogs
  2 necrophages
  2 gnoll sergeants
  13 wights
  9 killer bees (D:10)
  5 electric eels
  A bullfrog zombie (D:7)
  5 centaur zombies
  5 howler monkeys
  2 lava snakes (Volcano)
  A bullfrog skeleton (D:5)
  6 jellies
  2 gnoll boudas
  3 hounds
  23 orc priests
  Ijyb (D:4)
  9 iguanas
  42 orc wizards
  A spectral swamp drake (Swamp:4)
  6 hell rats (Lair:4)
  A killer bee zombie (D:7)
  A howler monkey skeleton (D:5)
  8 adders
  25 gnolls
  2 river rats (D:10)
  2 swamp drake zombies (Swamp:4)
  A shadow imp (Gauntlet)
  2 white imps
  A worm (D:4)
  2 dart slugs (D:1)
  74 orcs
  6 endoplasms
  2 giant cockroaches
  6 goblins
  3 hobgoblins
  4 jackals (D:2)
  4 quokkas
  10 ball pythons
  8 bats
  A frilled lizard (D:2)
  11 kobolds
  A rat (D:1)
1033 creatures vanquished.

Vanquished Creatures (collateral kills)
  Kirke (Lair:3)
  Azrael (D:12)
  An orc warrior (D:8)
  A wolf (Lair:3)
  2 orc priests (D:8)
  An orc wizard (D:8)
  2 orcs (D:8)
9 creatures vanquished.

Vanquished Creatures (others)
  A sun moth (Spider:3)
  A deep elf pyromancer (Elf:1)
  A moth of wrath (Spider:4)
  A swamp worm zombie (Swamp:4)
  3 bloated husks
  A raiju (Spider:2)
  5 humans (Lair:3)
  A water elemental (Depths:1)
  2 vampire mosquitoes (Swamp:1)
  A wolf (Lair:3)
  A phantom (Swamp:4)
  An orc (D:8)
  8 foxfires
  23 fungi
  56 plants
  15 toadstools
121 creatures vanquished.

Grand Total: 1163 creatures vanquished

Notes
Turn   | Place    | Note
-------+----------+-------------------------------------------
     0 | D:1      | KittyFluff the Gargoyle Berserker began the quest for the
                  | Orb.
     0 | D:1      | Reached XP level 1. HP: 14/14 MP: 1/1
    98 | D:1      | Reached XP level 2. HP: 11/19 MP: 2/2
   640 | D:1      | Reached XP level 3. HP: 23/23 MP: 3/3
  1183 | D:2      | Reached skill level 3 in Armour
  1427 | D:2      | Reached XP level 4. HP: 29/29 MP: 4/4
  1531 | D:2      | Found Kyng's Weapon Boutique.
  2580 | D:3      | Reached ** piety under Trog
  2639 | D:2      | Bought a +1 sling of freezing for 116 gold pieces
  2861 | D:3      | Noticed an eye of devastation
  2863 | D:3      | Found a faded altar of an unknown god.
  2866 | D:3      | Noticed a floating eye
  2878 | D:3      | Noticed a floating eye
  2878 | D:3      | Noticed a great orb of eyes
  3018 | D:3      | Found a glowing golden altar of the Shining One.
  3312 | D:4      | Reached XP level 5. HP: 33/33 MP: 5/5
  3579 | D:4      | Reached skill level 4 in Armour
  3720 | D:4      | Found a radiant altar of Vehumet.
  3789 | D:4      | Reached XP level 6. HP: 7/38 MP: 1/6
  4139 | D:4      | Noticed Ijyb
  4149 | D:4      | Killed Ijyb
  4288 | D:4      | Found Utohary's Jewellery Shop.
  4893 | D:5      | Entered Level 5 of the Dungeon
  4904 | D:5      | Reached skill level 5 in Maces & Flails
  4904 | D:5      | Reached XP level 7. HP: 44/44 MP: 7/7
  4904 | D:5      | Found a transporter.
  4904 | D:5      | Noticed sweetbreads's ghost (novice SpEn)
  4916 | D:5      | Reached skill level 5 in Armour
  4948 | D:5      | Noticed Grinder
  4953 | D:5      | Paralysed by Grinder for 2 turns
  4978 | D:5      | Killed Grinder
  4979 | D:5      | Reached skill level 5 in Fighting
  5155 | D:5      | Identified the +8 whip of Triumph {flame, rC+}
  5203 | D:5      | Reached XP level 8. HP: 44/49 MP: 5/8
  5341 | D:5      | Noticed Menkaure
  5352 | D:5      | Killed Menkaure
  5353 | D:5      | Reached skill level 6 in Armour
  5411 | D:5      | Reached *** piety under Trog
  5625 | D:5      | Found a white marble altar of Elyvilon.
  5769 | D:5      | Found a transporter.
  6041 | D:5      | Found a hazy altar of Hepliaklqana.
  6193 | D:5      | Killed sweetbreads's ghost
  6488 | D:6      | Reached skill level 7 in Armour
  6836 | D:6      | Reached XP level 9. HP: 55/55 MP: 9/9
  6978 | D:6      | Found Bepuczergh's Magic Scroll Boutique.
  7149 | D:6      | Reached **** piety under Trog
  7219 | D:6      | Found a blossoming altar of Fedhas.
  7313 | D:6      | Bought a scroll of magic mapping for 90 gold pieces
  7313 | D:6      | Bought a scroll of identify for 24 gold pieces
  7313 | D:6      | Bought a scroll of teleportation for 36 gold pieces
  7460 | D:7      | Found a staircase to the Ecumenical Temple.
  7609 | D:7      | Reached skill level 8 in Armour
  7683 | D:7      | Found an iron altar of Okawaru.
  7855 | D:7      | Found a basalt altar of Yredelemnul.
  8000 | D:7      | Found a runed translucent gate.
  8001 | D:7      | Found a runed translucent gate.
  8002 | D:7      | Found a runed translucent gate.
  8003 | D:7      | Noticed Radix's ghost (novice MiBe)
  8340 | D:7      | Killed Radix's ghost
  8341 | D:7      | Reached skill level 9 in Armour
  8341 | D:7      | Reached XP level 10. HP: 17/63 MP: 4/10
  8721 | D:8      | Noticed an elephant
  8721 | D:8      | Found a staircase to the Lair.
  8780 | D:8      | Reached skill level 5 in Dodging
  8893 | D:8      | Reached ***** piety under Trog
  9240 | D:7      | Killed an elephant
  9490 | D:8      | Reached skill level 10 in Armour
  9532 | D:8      | Identified the +4 great sword of Departure {drain, Fragile
                  | Str+2 Int+4}
  9864 | D:8      | Found a shimmering blue altar of Sif Muna.
 10322 | D:9      | Found Liuxoetz's Antique Weapon Shoppe.
 10422 | D:9      | Found an ancient bone altar of Kikubaaqudgha.
 10434 | D:9      | Found a bloodstained altar of Trog.
 11138 | D:9      | Noticed Pikel
 11158 | D:9      | Killed Pikel
 11159 | D:9      | Reached skill level 10 in Maces & Flails
 11159 | D:9      | Reached XP level 11. HP: 61/68 MP: 9/11
 11287 | D:9      | Noticed Maggie
 11299 | D:9      | Killed Maggie
 11323 | D:9      | Noticed Maurice
 11339 | D:9      | Killed Maurice
 11592 | D:10     | Entered Level 10 of the Dungeon
 11609 | D:9      | Reached skill level 11 in Armour
 11829 | D:9      | Bought a translucent flail for 255 gold pieces
 11829 | D:9      | Identified the +10 flail of Dishonour {spect, *Slow Will+
                  | rCorr Stlth+} (You bought it in a shop on level 9 of the
                  | Dungeon)
 12021 | D:9      | Found a broken altar of Ashenzari.
 12021 | D:9      | Found a glowing silver altar of Zin.
 12646 | D:10     | Found Hited's Book Shop.
 12706 | D:10     | Reached skill level 1 in Shields
 12849 | D:10     | Found a burning altar of Makhleb.
 12989 | Lair:1   | Entered Level 1 of the Lair of Beasts
 13863 | Lair:1   | Reached skill level 12 in Armour
 13874 | Lair:1   | Reached XP level 12. HP: 76/76 MP: 12/12
 14511 | Lair:2   | Found a hole to the Spider Nest.
 15175 | Lair:3   | Found a staircase to the Swamp.
 15546 | Lair:3   | Noticed a four-headed hydra
 15556 | Lair:3   | Killed a four-headed hydra
 15902 | Lair:3   | Noticed a four-headed hydra
 15921 | Lair:3   | Killed a four-headed hydra
 16135 | Lair:3   | Noticed a four-headed hydra
 16169 | Lair:2   | Killed a four-headed hydra
 16170 | Lair:2   | Reached skill level 13 in Armour
 16318 | Lair:3   | Noticed Ohopnof's ghost (journeyman MiBe)
 16329 | Lair:3   | Noticed a minotaur
 16338 | Lair:3   | Found a runed translucent gate.
 16338 | Lair:3   | Found a runed translucent gate.
 16338 | Lair:3   | Found a runed translucent gate.
 16344 | Lair:3   | Noticed Kirke
 16412 | Lair:3   | Killed Kirke
 16775 | Lair:3   | Identified the +7 glaive of Earthquakes {flame, rC+ Will-
                  | Str+6} (Trog gifted it to you on level 3 of the Lair of
                  | Beasts)
 16775 | Lair:3   | Received a gift from Trog
 16776 | Lair:3   | Reached skill level 10 in Fighting
 16961 | Lair:3   | Found a runed translucent door.
 16984 | Lair:3   | Reached skill level 5 in Shields
 17085 | Lair:3   | Noticed a dire elephant
 17107 | Lair:3   | Killed a dire elephant
 17108 | Lair:3   | Reached XP level 13. HP: 28/82 MP: 2/13
 17378 | Lair:3   | Identified the +6 dagger of the Hated {protect, *Rage rC+
                  | Int+5}
 18516 | Lair:5   | Entered Level 5 of the Lair of Beasts
 18546 | Lair:5   | Reached skill level 14 in Armour
 18608 | Lair:5   | Found a staircase to the Slime Pits.
 18672 | Lair:5   | Found a viscous altar of Jiyva.
 19333 | Lair:5   | Identified the +4 scale mail of Gozag's Brutal Revenge {rC+
                  | rN+ Str+3}
 20007 | Lair:5   | Gained mutation: Your large and strong wings let you fly.
                  | [Gargoyle growth]
 20007 | Lair:5   | Reached XP level 14. HP: 90/90 MP: 14/14
 20255 | Lair:5   | Found a burning altar of Makhleb.
 20263 | Lair:5   | Reached skill level 15 in Armour
 20336 | Lair:5   | Received a gift from Trog
 20548 | Lair:5   | Found a gateway to Hell.
 20719 | Lair:3   | Killed Ohopnof's ghost
 21288 | D:11     | Found a gate leading to a gauntlet.
 21331 | Gauntlet | Entered a Gauntlet
 21331 | Gauntlet | Found a transporter.
 21331 | Gauntlet | Found a transporter.
 21335 | Gauntlet | Found a transporter.
 21336 | Gauntlet | Found a transporter.
 21343 | Gauntlet | Found the +2 hood of the Assassin {Detection Stab+ Stlth++}
 21347 | Gauntlet | Found a transporter.
 21390 | Gauntlet | Found a transporter.
 21408 | Gauntlet | Found a transporter.
 21424 | Gauntlet | Found a transporter.
 21429 | Gauntlet | Noticed an entropy weaver
 21446 | Gauntlet | Found a transporter.
 21535 | Gauntlet | Found a transporter.
 21551 | Gauntlet | Found a transporter.
 21571 | Gauntlet | Found a transporter.
 21584 | Gauntlet | Found a transporter.
 21738 | Gauntlet | Identified the +6 mace of Unreason {antimagic, Will++ Str-5
                  | Int+3 Dex+4}
 21748 | Gauntlet | Identified the +1 helmet of the Wumpus {rC+ Stlth+}
 22137 | Gauntlet | Found a transporter.
 22155 | Gauntlet | Found a transporter.
 22189 | Gauntlet | Identified the ring "Fiebauf" {Drain rC+ Int+8 Dex+4 SInv
                  | Stlth-}
 22550 | Gauntlet | Identified the +0 cloak of Qastruati {Str+4}
 22882 | D:11     | Found a staircase to the Orcish Mines.
 22894 | D:11     | Noticed Sonja
 22934 | D:11     | Killed Sonja
 23345 | D:12     | Noticed Azrael
 23353 | D:12     | Killed Azrael
 24515 | D:12     | Reached skill level 16 in Armour
 25137 | D:13     | Reached skill level 15 in Maces & Flails
 25382 | D:13     | Found Udawou's Distillery.
 25582 | D:13     | Bought a potion of degeneration for 14 gold pieces
 25582 | D:13     | Bought a potion of attraction for 42 gold pieces
 25582 | D:13     | Bought a potion of heal wounds for 70 gold pieces
 25664 | D:13     | Reached XP level 15. HP: 96/96 MP: 15/15
 25985 | D:14     | Found a runed translucent door.
 26455 | D:14     | Found a gate to the Vaults.
 26570 | D:14     | Found a runed translucent gate.
 26570 | D:14     | Found a runed translucent gate.
 26570 | D:14     | Found a runed translucent gate.
 26570 | D:14     | Noticed Kilet's ghost (adept GrEE)
 26795 | D:14     | Received a gift from Trog
 27446 | D:14     | Paralysed by an orc sorcerer for 2 turns
 27692 | D:14     | Killed Kilet's ghost
 27730 | D:14     | Reached skill level 17 in Armour
 27954 | D:14     | Identified the amulet "Fuuredux" {Acrobat Fragile rElec rC+
                  | Slay+2}
 27993 | D:15     | Entered Level 15 of the Dungeon
 29377 | D:15     | Found a staircase to the Depths.
 30041 | Orc:1    | Entered Level 1 of the Orcish Mines
 30379 | Orc:2    | Entered Level 2 of the Orcish Mines
 30460 | Orc:1    | Reached skill level 10 in Shields
 30460 | Orc:1    | Reached XP level 16. HP: 104/104 MP: 16/16
 30473 | Orc:1    | Found Yturch's Mayhem Merchandise.
 30494 | Orc:1    | Found a dark tunnel.
 30511 | Volcano  | Entered a volcano
 30524 | Volcano  | Reached ****** piety under Trog
 30568 | Volcano  | Found a burning altar of Makhleb.
 30576 | Volcano  | Received a gift from Trog
 31263 | Orc:2    | Found a staircase to the Elven Halls.
 31300 | Orc:2    | Found Vajint's Jewellery Shop.
 31310 | Orc:2    | Bought the ring of Piyrph {rElec rPois rF+ Will+ rCorr} for
                  | 558 gold pieces
 31920 | Orc:2    | Found Bararan's Distillery.
 31931 | Orc:2    | Found Qosm's General Store.
 31933 | Orc:2    | Found Biuhuzin's Armour Shoppe.
 31933 | Orc:2    | Found Walazyel's Distillery.
 32004 | Orc:2    | Bought a scroll of identify for 32 gold pieces
 32004 | Orc:2    | Identified 2 scrolls of acquirement
 32006 | Orc:2    | Acquired the ring of Wogudept {rN+ Will+ Str+4 Int+3 Dex+6}
 32010 | Orc:2    | Acquired a manual of Fighting
 32150 | Elf:1    | Entered Level 1 of the Elven Halls
 32153 | Elf:1    | Received a gift from Trog
 32224 | Elf:1    | Reached skill level 1 in Stealth
 32534 | Elf:1    | Reached skill level 18 in Armour
 32534 | Elf:1    | Reached skill level 1 in Evocations
 33362 | Spider:1 | Entered Level 1 of the Spider Nest
 34424 | Spider:1 | Found a large runed translucent door.
 34428 | Spider:1 | Found a large runed translucent door.
 34431 | Spider:1 | Noticed croobank's ghost (journeyman FeSu)
 34513 | Spider:1 | Killed croobank's ghost
 35107 | Orc:2    | Bought the +10 plate armour of Joy {MP+9 Dex-4 SInv} for
                  | 1609 gold pieces
 35400 | Spider:2 | Received a gift from Trog
 37211 | Spider:2 | Identified the +7 short sword "Demonbane" {vorpal, rN+++
                  | Will-}
 37693 | Spider:3 | Found a transporter.
 37736 | Spider:3 | Reached XP level 17. HP: 104/111 MP: 17/17
 37992 | Spider:3 | Found a transporter.
 38269 | Spider:3 | Identified the -1 pair of gloves "Quydusis" {Rampage Int+2}
 38341 | Spider:3 | Identified the +1 leather armour of Poasysesh {Drain rF+
                  | rCorr Dex+4}
 38499 | Spider:3 | Identified the +4 trident "Jozonex" {vorpal, Dex+3} (Trog
                  | gifted it to you on level 3 of the Spider Nest)
 38499 | Spider:3 | Received a gift from Trog
 38712 | Spider:4 | Entered Level 4 of the Spider Nest
 38855 | Spider:4 | Reached skill level 1 in Throwing
 39832 | Spider:4 | Reached skill level 5 in Stealth
 40326 | Spider:4 | Found a runed translucent door.
 40327 | Spider:4 | Noticed cheesebisquit's ghost (adept MiBe)
 40350 | Spider:4 | Killed cheesebisquit's ghost
 40630 | Spider:4 | Reached skill level 19 in Armour
 40902 | Spider:4 | Received a gift from Trog
 41120 | Spider:4 | Reached skill level 15 in Fighting
 41314 | Spider:4 | Got a gossamer rune of Zot
 41575 | Swamp:1  | Entered Level 1 of the Swamp
 41846 | Swamp:1  | Reached XP level 18. HP: 119/119 MP: 18/18
 42731 | Swamp:2  | Identified the +12 demon whip of Descent {flame, Drain
                  | +Blink Fly rC++} (Trog gifted it to you on level 2 of the
                  | Swamp)
 42731 | Swamp:2  | Received a gift from Trog
 43428 | Swamp:3  | Acquired the +3 hat "Jiab" {Str+5 Int+4}
 43790 | Swamp:4  | Entered Level 4 of the Swamp
 44025 | Swamp:4  | Reached skill level 5 in Evocations
 44039 | Swamp:4  | Received a gift from Trog
 44309 | Swamp:4  | Found a runed translucent door.
 44310 | Swamp:4  | Found a shimmering altar of Xom.
 44310 | Swamp:4  | Identified the +8 war axe of Resourcefulness {chaos,
                  | *Corrode Fly rF+ Int+2}
 44310 | Swamp:4  | Noticed LustLizard's ghost (adept TrFi)
 44332 | Swamp:4  | Killed LustLizard's ghost
 44713 | Swamp:4  | Noticed a bone dragon
 44737 | Swamp:4  | Killed a bone dragon
 45070 | Swamp:4  | Got a decaying rune of Zot
 45093 | Swamp:4  | Received a gift from Trog
 45537 | Depths:1 | Entered Level 1 of the Depths
 45767 | Depths:1 | Found a one-way gate to the infinite horrors of the Abyss.
 45879 | Depths:1 | Killed from afar by a hell knight

Illustrated notes

Levels and vault maps discovered:
D:1:      grunt_arrival_lava_bath, layout_basic
D:2:      layout_basic, serial_aquarium, aquarium_bridge_long_joined
          [aquarium_subvault_bridge, aquarium_subvault_balcony,
          aquarium_subvault_bridge, aquarium_subvault_bridge,
          aquarium_subvault_bridge, aquarium_subvault_bridge],
          aquarium_window_corner, aquarium_window_fake, aquarium_view_2b,
          aquarium_pool_double, serial_shops, shop, chequers_big_river
D:3:      layout_rooms, nicolae_tso_swordbearing_angel,
          hellmonk_ecumenical_altar_watching_god
D:4:      layout_basic, mainiacjoe_overflow_alcove_2, serial_shops, shop_statue,
          feat_on_display, uniq_ijyb
D:5:      black_bear_nest_2, layout_basic, worldfamousw_hep_ancestral_shrine,
          mainiacjoe_overflow_six_doors_small, gammafunk_ghost_mausoleum,
          uniq_menkaure, uniq_grinder
D:6:      layout_basic, mainiacjoe_overflow_boulevard, serial_shops, shop
D:7:      layout_basic, okawaru_gym_becter, nicolae_yredelemnul_corpse_copse,
          minmay_temple_entry_drinking_statues, biasface_ghost_orc_armoury
D:8:      layout_cave_pools, mainiacjoe_overflow_catwalk, david_lair_generic,
          kennysheep_potato
D:9:      layout_irregular_city, nicolae_overflow_hidden_temple, minitemple,
          serial_shops, shop, uniq_pikel, uniq_maurice, uniq_maggie
D:10:     layout_rooms, amcnicky_altar_gilded, serial_shops, nicolae_shop_stone,
          pond
D:11:     layout_roguey, orc_0_dummy, gauntlet_entry_generic,
          portal_ice_cave_entry_pillars_1, kennysheep_generic_room_15,
          uniq_sonja
D:12:     layout_basic, uniq_azrael
D:13:     layout_cross, serial_shops, nicolae_shop_statue_plus,
          palyth_stone_intersect
D:14:     layout_basic, david_vaults_5, hangedman_decor_push,
          gammafunk_ghost_necromancy, lightli_church_of_beogh
D:15:     grunt_enter_depths_hoard, layout_stronghold,
          hangedman_decor_slide_cut, hangedman_decor_diamond_cutter
Lair:1:   beast_lair_carwin_large_1, layout_loops_ring
Lair:2:   layout_cave_pods, spider_nest_entry_rubble
Lair:3:   gammafunk_lair_enchanted_lake, layout_cave_pods, swamp_mist_pool,
          maelrawn_ghost_gauntlet_escape, grunt_megastairs_5, uniq_kirke
Lair:4:   layout_long_grid
Lair:5:   evil_forest, layout_misc_corridors, minmay_slime_entry_pillars,
          minmay_lair_oklob_items
Swamp:1:  cheibrodos_swamp_tower_of_moss, layout_falls_marsh,
          nicolae_swamp_little_swirl, swamp_pool1
Swamp:2:  layout_basic_swamp, nicolae_swamp_some_circles,
          infiniplex_staircase_pool
Swamp:3:  nicolae_swamp_tree_isthmus, layout_basic_swamp,
          nicolae_swamp_well_well_well, swamp_pool3
Swamp:4:  swamp_pestilence, layout_basic_swamp, ebering_ghost_xom, swamp_pool1,
          infiniplex_staircase_pool_2
Spider:1: layout_chambers, ebering_ghost_disaster_area, spiders_nest_hornet_nest
Spider:2: layout_chambers, drop_trap, beargit_elvish_explorers
Spider:3: gammafunk_sealed_arena
Spider:4: grunt_spider_rune_circles, ebering_ghost_reflecting_pool
Orc:1:    layout_caves, nicolae_volcano_entry_s_turn, minmay_shop_mayhem,
          mines4_lemuel
Orc:2:    st_orc_mages, layout_caves, serial_shops, shop, mines1_david
Elf:1:    minmay_elf_arrival_circle, layout_loops_cross
Depths:1: layout_honeycomb, abyss_entry, rand_demon_pan_entry_8,
          hangedman_coc_ice_floe, grunt_ministairs_8, lemuel_freeze_loot_1

Skill      XL: |  1  2  3  4  5  6  7  8  9 10 11 12 13 14 15 16 17 18 |
---------------+-------------------------------------------------------+-----
Armour         | 3 4 5 7 9 10 12 13 14 16 17 18 19 | 19.9
Dodging        | 2 3 4 5 6 7 8 9 |  9.1
Maces & Flails | 4 5 7 8 10 11 12 13 15 16 17 18 | 18.5
Fighting       | 4 5 6 7 8 9 10 11 12 13 14 15 16 | 16.2
Shields        | 2 5 7 8 10 11 12 | 12.1
Stealth        | 4 6 7 |  7.5
Evocations     | 2 4 5 |  5.4
Throwing       | 3 4 |  4.4

Action                   |  1- 3 |  4- 6 |  7- 9 | 10-12 | 13-15 | 16-18 || total
-------------------------+-------+-------+-------+-------+-------+-------++-------
Melee: Mace              |    57 |    51 |       |       |       |       ||   108
       Punch             |     1 |       |     3 |     3 |       |       ||     7
       Whip              |       |   161 |   289 |   815 |   521 |       ||  1786
       Unarmed           |       |       |       |    44 |       |       ||    44
       Flail             |       |       |       |       |   778 |   998 ||  1776
       Demon whip        |       |       |       |       |       |   477 ||   477
 Fire: Sling             |       |       |       |       |     5 |     4 ||     9
Throw: Stone             |       |       |       |     3 |     1 |       ||     4
       Boomerang         |       |       |       |       |     4 |    47 ||    51
       Dart              |       |       |       |       |     2 |       ||     2
Invok: Berserk           |     1 |     2 |       |     3 |     2 |     1 ||     9
       Brothers in Arms  |       |       |       |     2 |     1 |       ||     3
       Trog's Hand       |       |       |       |       |     1 |       ||     1
 Abil: Evoke Blink       |       |       |       |       |       |     1 ||     1
Evoke: Box of beasts     |       |       |       |       |       |     1 ||     1
  Use: Scroll            |     1 |     6 |     6 |     5 |     5 |    16 ||    39
       Potion            |       |       |     1 |     8 |     6 |     5 ||    20
 Stab: Distracted        |       |       |       |     1 |     5 |    14 ||    20
       Sleeping          |       |       |       |       |    13 |     9 ||    22
       Petrified         |       |       |       |       |     3 |       ||     3
Armor: Animal skin       |     7 |       |       |       |       |       ||     7
       Leather armour    |    21 |    97 |    49 |       |       |       ||   167
       Ring mail         |       |       |    49 |    21 |       |       ||    70
       Acid dragon scale |       |       |       |   234 |   108 |       ||   342
       Scale mail        |       |       |       |       |   134 |       ||   134
       Shadow dragon sca |       |       |       |       |   139 |    61 ||   200
       Plate armour      |       |       |       |       |       |   544 ||   544
Dodge: Dodged            |    36 |   132 |   120 |   279 |   369 |   522 ||  1458
Block: Kite shield       |       |       |       |   152 |   683 |  1147 ||  1982
       Reflection        |       |       |       |       |    20 |    47 ||    67
